 Dungeon Crawl Stone Soup version 0.29.0-4-gdea44cf6ec (webtiles) character file.

Game seed: 5781052170918408719

121 qw the Chopper (level 5, -2/53 HPs)
             Began as an Ogre Enchanter on Sept 3, 2022.
             Slain by an adder (3 damage)
             ... on level 3 of the Dungeon.
             The game lasted 00:01:52 (2547 turns).

qw the Chopper (Ogre Enchanter)                     Turns: 2547, Time: 00:01:53

Health: -2/53      AC:  3    Str: 14    XL:     5   Next: 5%
Magic:  8/8        EV:  9    Int: 16    God:
Gold:   77         SH:  0    Dex:  9    Spells: 8/8 levels left

rFire   . . .      SeeInvis +   Y - +1 flail
rCold   . . .      Faith    .   (no shield)
rNeg    . . .      Spirit   .   b - +0 robe
rPois   .          Reflect  .   (helmet restricted)
rElec   .          Harm     .   (no cloak)
rCorr   .          Rampage  .   (gloves unavailable)
Will    .....                   (boots unavailable)
Stlth   ++........              h - amulet "Cinkot Iwua" {Acrobat SInv}
HPRegen 0.17/turn               (no ring)
MPRegen 0.11/turn               (no ring)

@: lethally poisoned (-2 -> -14)
A: large, unfitting armour, tough skin 1
a: no special abilities


You were on level 3 of the Dungeon.
You visited 1 branch of the dungeon, and saw 3 of its levels.

You collected 77 gold pieces.


Innate Abilities, Weirdness & Mutations

You are too large for most types of armour.
You have tough skin. (AC +1)


   Skills:
 - Level 3.1 Fighting
 - Level 0.8 Short Blades
 + Level 3.6 Axes
 - Level 1.7 Dodging
 - Level 2.1 Stealth
 - Level 2.4 Spellcasting
 - Level 2.6 Hexes


You had 8 spell levels left.
You didn't know any spells.
Your spell library contained the following spells:

 Spells                   Type           Power      Damage    Failure   Level
 Ensorcelled Hibernation  Hex/Ice        12%        N/A       17%         2
 Confusing Touch          Hex            10%        N/A       21%         3
 Tukima's Dance           Hex            10%        N/A       21%         3
 Dazzling Flash           Conj/Hex       12%        N/A       34%         3

Inventory:

Hand Weapons
 Y - a +1 flail (weapon)
Armour
 b - a +0 robe (worn)
Jewellery
 h - the amulet "Cinkot Iwua" (around neck) {Acrobat SInv}
   (You found it on level 2 of the Dungeon)

   [amulet of the acrobat]

   It increases your evasion while moving and waiting.
   SInv:      It lets you see invisible.
Scrolls
 f - a scroll of identify
 g - 2 scrolls of enchant armour
Potions
 c - a potion of flight {unknown}
 d - a potion of heal wounds {unknown}
 e - a potion of curing {unknown}

Dungeon Overview and Level Annotations

Branches:
Dungeon (3/15)

Altars:


Message History

You barely miss the adder.
You feel sick.
You are no longer poisoned.
The adder barely misses you.
The orc priest miscasts a cantrip.
The adder bites you.
You are poisoned.
The adder poisons you!
2543 ||| Stepping ~*~*~tactically~*~*~ (outnumbered).
The frilled lizard attacks as you move away!
The frilled lizard bites you but does no damage.
You feel sick. The adder misses you.
You hit the orc wizard.
You kill the orc wizard!
You feel sick. The adder closely misses you.
The hobgoblin hits you but does no damage.
The frilled lizard bites you. The adder bites you.
You are more poisoned.
The adder poisons you!
You have reached level 5!
You hit the adder.
The adder is lightly wounded.
You feel sick. The frilled lizard bites you. The hobgoblin hits you.
The adder bites you but does no damage. The frilled lizard bites you.
The orc barely misses you. The hobgoblin closely misses you.
You miss the adder.
The adder is lightly wounded.
You feel sick. The adder bites you.
You are lethally poisoned!
The adder poisons you! The adder closely misses you.
The hobgoblin closely misses you.
The orc hits you with a +0 hand axe of venom.
You are more poisoned.
The frilled lizard barely misses you.
You closely miss the adder.
The adder is lightly wounded.
You feel very sick. The adder barely misses you.
The hobgoblin closely misses you. The frilled lizard barely misses you.
The adder bites you.
You die...

##### .....
...... # ......
.#
......#######..#.
.......og@o......
........S)l....#.
.......)o.####.#
.###.##...#### ..
#......# ..
#...#.## #
#...#.##.#
#........#
#........#


You could see an orc priest, an adder, 2 orcs, a hobgoblin and a frilled lizard.

Vanquished Creatures
  Jessica (D:2)
  An orc wizard (D:3)
  An adder (D:3)
  A worm (D:2)
  A dart slug (D:2)
  An orc (D:3)
  5 endoplasms
  4 giant cockroaches
  6 hobgoblins
  2 jackals (D:1)
  2 quokkas
  2 ball pythons
  8 bats
  6 goblins
  3 kobolds (D:2)
  7 rats
51 creatures vanquished.

Notes
Turn   | Place    | Note
-------+----------+-------------------------------------------
     0 | D:1      | qw the Ogre Enchanter began the quest for the Orb.
     0 | D:1      | Reached XP level 1. HP: 16/16 MP: 3/3
     0 | D:1      | 0 ||| qw: Version: 0.1-a-102-g441f92d
     0 | D:1      | 0 ||| qw: Game counter: 5217
     0 | D:1      | 0 ||| qw: Always use a shield: true
     0 | D:1      | 0 ||| qw: God list: Okawaru
     0 | D:1      | 0 ||| qw: Allow faded altars: false
     0 | D:1      | 0 ||| qw: Do Orc after D:15 true
     0 | D:1      | 0 ||| qw: Do second Lair branch before Depths: true
     0 | D:1      | 0 ||| qw: Lair rune preference: random
     0 | D:1      | 0 ||| qw: Plans: Normal
     0 | D:1      | 0 ||| PLANNING D:1-11
     9 | D:1      | 9 ||| SWAPPING to +0 whip.
    10 | D:1      | 10 ||| DROPPING +1 dagger.
    67 | D:1      | 67 ||| Stepping ~*~*~tactically~*~*~ (stealth).
    70 | D:1      | 70 ||| Stepping ~*~*~tactically~*~*~ (stealth).
    72 | D:1      | 72 ||| Stepping ~*~*~tactically~*~*~ (stealth).
    82 | D:1      | 82 ||| Stepping ~*~*~tactically~*~*~ (stealth).
    84 | D:1      | 84 ||| Stepping ~*~*~tactically~*~*~ (stealth).
    86 | D:1      | 86 ||| Stepping ~*~*~tactically~*~*~ (stealth).
    87 | D:1      | 87 ||| Stepping ~*~*~tactically~*~*~ (stealth).
    93 | D:1      | 93 ||| Stepping ~*~*~tactically~*~*~ (stealth).
    94 | D:1      | 94 ||| Stepping ~*~*~tactically~*~*~ (stealth).
   147 | D:1      | Reached skill level 1 in Axes
   271 | D:1      | Reached skill level 1 in Fighting
   271 | D:1      | Reached XP level 2. HP: 27/27 MP: 5/5
   342 | D:1      | HP: 3/27 [hobgoblin (4)]
   623 | D:1      | Found a faded altar of an unknown god.
   638 | D:1      | 638 ||| Stepping ~*~*~tactically~*~*~ (outnumbered).
   639 | D:1      | 639 ||| Stepping ~*~*~tactically~*~*~ (outnumbered).
   640 | D:1      | 640 ||| Stepping ~*~*~tactically~*~*~ (outnumbered).
   792 | D:1      | 792 ||| Stepping ~*~*~tactically~*~*~ (outnumbered).
   793 | D:1      | 793 ||| Stepping ~*~*~tactically~*~*~ (outnumbered).
   840 | D:1      | 840 ||| Stepping ~*~*~tactically~*~*~ (stealth).
   841 | D:1      | 841 ||| Stepping ~*~*~tactically~*~*~ (stealth).
   902 | D:1      | 902 ||| Stepping ~*~*~tactically~*~*~ (stealth).
   998 | D:1      | 998 ||| SWAPPING to +0 flail.
   999 | D:1      | 999 ||| DROPPING +0 whip.
  1031 | D:1      | Reached XP level 3. HP: 28/35 MP: 6/6
  1095 | D:1      | 1095 ||| Stepping ~*~*~tactically~*~*~ (stealth).
  1097 | D:1      | 1097 ||| Stepping ~*~*~tactically~*~*~ (stealth).
  1099 | D:1      | 1099 ||| Stepping ~*~*~tactically~*~*~ (hiding).
  1106 | D:1      | 1106 ||| Stepping ~*~*~tactically~*~*~ (outnumbered).
  1110 | D:1      | HP: 8/35 [frozen (2)]
  1110 | D:1      | HP: 3/35 [endoplasm (2)]
  1544 | D:1      | 1544 ||| READING scroll labelled SYOC ROUCANK.
  1545 | D:1      | 1545 ||| DROPPING 2 potions of invisibility.
  1578 | D:2      | 1578 ||| Stepping ~*~*~tactically~*~*~ (stealth).
  1608 | D:2      | 1608 ||| Stepping ~*~*~tactically~*~*~ (stealth).
  1611 | D:2      | 1611 ||| Stepping ~*~*~tactically~*~*~ (hiding).
  1619 | D:2      | Noticed Jessica
  1620 | D:2      | 1620 ||| Stepping ~*~*~tactically~*~*~ (outnumbered).
  1632 | D:2      | 1632 ||| Stepping ~*~*~tactically~*~*~ (hiding).
  1633 | D:2      | 1633 ||| Stepping ~*~*~tactically~*~*~ (hiding).
  1636 | D:2      | Killed Jessica
  1637 | D:2      | Reached skill level 3 in Axes
  1637 | D:2      | Reached XP level 4. HP: 41/42 MP: 7/7
  1718 | D:2      | 1718 ||| Stepping ~*~*~tactically~*~*~ (stealth).
  1728 | D:2      | 1728 ||| Stepping ~*~*~tactically~*~*~ (stealth).
  1746 | D:2      | 1746 ||| Stepping ~*~*~tactically~*~*~ (stealth).
  1751 | D:2      | 1751 ||| Stepping ~*~*~tactically~*~*~ (stealth).
  1753 | D:2      | 1753 ||| Stepping ~*~*~tactically~*~*~ (stealth).
  1768 | D:2      | 1768 ||| Stepping ~*~*~tactically~*~*~ (stealth).
  1774 | D:2      | 1774 ||| Stepping ~*~*~tactically~*~*~ (stealth).
  1775 | D:2      | 1775 ||| Stepping ~*~*~tactically~*~*~ (stealth).
  1776 | D:2      | 1776 ||| Stepping ~*~*~tactically~*~*~ (stealth).
  1778 | D:2      | 1778 ||| Stepping ~*~*~tactically~*~*~ (stealth).
  2186 | D:2      | Identified the amulet "Cinkot Iwua" {Acrobat SInv}
  2372 | D:2      | 2372 ||| UPGRADING to amulet "Cinkot Iwua" {Acrobat SInv}.
  2377 | D:2      | 2377 ||| READING scroll labelled VUPNA LOFE.
  2378 | D:2      | 2378 ||| READING 3 scrolls labelled AMY YHO ZYGARO.
  2379 | D:2      | 2379 ||| READING scroll labelled UNGURA ZIOSY.
  2408 | D:3      | Reached skill level 3 in Fighting
  2408 | D:3      | 2408 ||| STAIRDANCE
  2534 | D:3      | 2534 ||| Stepping ~*~*~tactically~*~*~ (outnumbered).
  2541 | D:3      | 2541 ||| Stepping ~*~*~tactically~*~*~ (outnumbered).
  2543 | D:3      | 2543 ||| Stepping ~*~*~tactically~*~*~ (outnumbered).
  2545 | D:3      | Reached XP level 5. HP: 20/53 MP: 8/8
  2545 | D:3      | HP: 13/53 [frilled lizard (3)]
  2546 | D:3      | HP: 6/53 [orc/+0 hand axe of venom (3)]
  2547 | D:3      | HP: 1/53 [poisoned by an orc]
  2547 | D:3      | Slain by an adder

Levels and vault maps discovered:
D:1:      evilmike_arrival_plus, layout_basic, chequers_ecumenical_altar_island
D:2:      layout_rooms, uniq_jessica
D:3:      layout_basic, uniq_crazy_yiuf_cottage, uniq_grinder

Skill      XL: |  1  2  3  4 |
---------------+-------------+-----
Axes           | 1 2 3 |  3.6
Fighting       | 1 2 3 |  3.1
Short Blades   | |  0.8
Dodging        | |  1.7
Stealth        | |  2.1
Spellcasting   | |  2.4
Hexes          | |  2.6

Action                   |  1- 3 |  4- 6 || total
-------------------------+-------+-------++-------
Melee: Whip              |    84 |       ||    84
       Punch             |     1 |       ||     1
       Flail             |    33 |    84 ||   117
  Use: Scroll            |     1 |     3 ||     4
Armor: Robe              |    46 |    37 ||    83
Dodge: Dodged            |    56 |    63 ||   119

Table legend:
 A = Non-vault XP
 B = Vault XP
 C = Vault XP percentage of total XP
 D = Non-vault monster count
 E = Vault monster count
 F = Vault count percentage of total count
                 A         B        C        D         E       F
            +---------+---------+-------+---------+---------+-------
      Total |     136 |      37 |  21.4 |      50 |       1 |   2.0
            +---------+---------+-------+---------+---------+-------
        D:1 |      40 |       0 |   0.0 |      24 |       0 |   0.0
        D:2 |      43 |      37 |  46.2 |      23 |       1 |   4.2
        D:3 |      53 |       0 |   0.0 |       3 |       0 |   0.0
            +---------+---------+-------+---------+---------+-------
